 Dungeon Crawl Stone Soup version 0.26-a0-450-ge645bd1 (webtiles) character file.

Game seed: 8793460752466318481

711 Balder the Chopper (level 7, -3/60 HPs)
             Began as a Minotaur Fighter on July 28, 2020.
             Slain by an ice beast (7 damage)
             ... on level 7 of the Dungeon.
             The game lasted 00:09:37 (2947 turns).

Balder the Chopper (Minotaur Fighter)               Turns: 2947, Time: 00:09:37

Health: -3/60      AC:  8    Str: 20    XL:     7   Next: 40%
Magic:  6/6        EV:  9    Int:  5    God:
Gold:   153        SH: 10    Dex: 12    Spells: 6/6 levels left

rFire    . . .     SeeInvis .   a - +0 war axe
rCold    . . .     Faith    .   c - +0 kite shield
rNeg     . . .     Spirit   .   k - +0 scale mail
rPois    .         Reflect  .   (helmet restricted)
rElec    .         Harm     .   l - +0 cloak
rCorr    .                      (no gloves)
MR       .....                  (no boots)
Stlth    ..........             (no amulet)
HPRegen  0.20/turn              (no ring)
MPRegen  0.10/turn              (no ring)

@: mighty
A: retaliatory headbutt, horns 2
a: no special abilities


You were on level 7 of the Dungeon.
You visited 1 branch of the dungeon, and saw 5 of its levels.

You collected 153 gold pieces.

Inventory:

Hand Weapons
 a - a +0 war axe (weapon)
 b - a +2 dagger of venom
Missiles
 e - 6 javelins
 p - 2 boomerangs of dispersal
 t - 9 poisoned darts (quivered)
Armour
 c - a +0 kite shield (worn)
 k - a +0 scale mail (worn)
 l - a +0 cloak (worn)
Jewellery
 r - an uncursed ring of protection from cold
Scrolls
 f - a scroll of random uselessness {unknown}
 g - a scroll of identify
 i - a scroll of enchant armour {unknown}
 j - a scroll of blinking {unknown}
 n - a scroll of enchant weapon {unknown}
 o - 4 scrolls of remove curse
 s - a scroll of amnesia {unknown}
 u - a scroll of teleportation {unknown}
Potions
 m - a potion of magic {unknown}
 q - a potion of lignification {unknown}
 v - a potion of heal wounds {unknown}


   Skills:
 * Level 4.7 Fighting
 + Level 1.5 Short Blades
 * Level 5.7 Axes
 * Level 2.1 Throwing
 * Level 5.4 Armour
 * Level 2.8 Dodging
 + Level 0.1 Stealth
 * Level 5.4 Shields


You had 6 spell levels left.
You didn't know any spells.
Your spell library was empty.

Dungeon Overview and Level Annotations

Branches:
Dungeon (4/15)
 Temple: D:4-7

Altars:
Elyvilon
Gozag
Qazlal
Sif Muna
Wu Jian
Xom


Innate Abilities, Weirdness & Mutations

You reflexively headbutt those who attack you in melee.
You have a pair of horns on your head.


Message History

The orc warrior hits you with a +0 halberd!
The phantom blinks!
Things that are here:
a +0 club; a +0 leather armour You slash the orc warrior!
The orc warrior is moderately wounded.
The orc warrior hits you with a +0 halberd!
You barely miss the orc warrior.
The orc warrior is moderately wounded.
The orc warrior closely misses you.
You slash the orc warrior! Your headbutt misses the orc warrior.
The orc warrior is heavily wounded.
You barely miss the ice beast. The ice beast hits you.
The ice beast freezes you!
The orc warrior hits you with a +0 halberd!
* * * LOW HITPOINT WARNING * * *
The ice beast hits you.
* * * LOW HITPOINT WARNING * * *
The ice beast freezes you!
You die...

#. #########.#.#
#.####.........#
W#.
.......#########
.. .....### .#
#.##.###########
#.# #
#.........).# ..
###########.##.#
#.#oY# #.#@#
#.).# #..#####$#
#........#
##.####### #.#
#.# #.# #.#


You could see a phantom, an orc warrior and an ice beast.

Vanquished Creatures
  An ice beast (D:7)
  An ogre (D:7)
  A scorpion (D:4)
  3 killer bees (D:7)
  A howler monkey (D:4)
  2 orc priests (D:7)
  2 hounds
  An orc wizard (D:7)
  A centaur skeleton (D:7)
  Jessica (D:2)
  A hound skeleton (D:4)
  3 adders
  An ooze (D:1)
  A worm (D:2)
  A dart slug (D:1)
  2 leopard geckos
  An orc (D:7)
  3 giant cockroaches
  7 goblins
  10 hobgoblins
  6 jackals
  A quokka (D:2)
  3 bats
  2 frilled lizards
  10 kobolds
  A quokka skeleton (D:4)
  5 rats (D:1)
72 creatures vanquished.

Notes
Turn   | Place    | Note
-------+----------+-------------------------------------------
     0 | D:1      | Balder the Minotaur Fighter began the quest for the Orb.
     0 | D:1      | Reached XP level 1. HP: 19/19 MP: 0/0
   226 | D:1      | Reached XP level 2. HP: 20/27 MP: 1/1
  1035 | D:2      | Noticed Jessica
  1039 | D:2      | Killed Jessica
  1039 | D:2      | Reached skill level 1 in Throwing
  1039 | D:2      | Reached XP level 3. HP: 26/33 MP: 2/2
  1203 | D:2      | Found a stormy altar of Qazlal.
  1418 | D:2      | Reached skill level 1 in Dodging
  1504 | D:2      | Reached XP level 4. HP: 40/40 MP: 3/3
  1869 | D:3      | Found an opulent altar of Gozag.
  1871 | D:3      | Found a snail-covered altar of Cheibriados.
  1871 | D:3      | Found a shadowy altar of Dithmenos.
  1873 | D:3      | Found a shimmering altar of Xom.
  1873 | D:3      | Found a shimmering blue altar of Sif Muna.
  1873 | D:3      | Found a stormy altar of Qazlal.
  2246 | D:3      | Reached XP level 5. HP: 46/46 MP: 4/4
  2363 | D:4      | Found an ornate altar of the Wu Jian Council.
  2364 | D:4      | Found an opulent altar of Gozag.
  2381 | D:4      | Reached skill level 1 in Short Blades
  2381 | D:4      | Reached XP level 6. HP: 36/53 MP: 5/5
  2388 | D:4      | Found a white marble altar of Elyvilon.
  2388 | D:4      | Found a shimmering blue altar of Sif Muna.
  2487 | D:4      | You fall into a shaft and drop 3 floors!
  2608 | D:7      | Noticed an ice beast
  2616 | D:7      | Killed an ice beast
  2616 | D:7      | Reached skill level 5 in Axes
  2616 | D:7      | Reached skill level 5 in Armour
  2627 | D:7      | Reached skill level 5 in Shields
  2627 | D:7      | Reached XP level 7. HP: 42/60 MP: 6/6
  2947 | D:7      | Slain by an ice beast

Illustrated notes

Levels and vault maps discovered:
D:1:      psy_arrival_heroes, layout_basic, minmay_misc_feat_columns
D:2:      layout_basic, grunt_qazlal_clouds, uniq_jessica
D:3:      layout_rooms, doesnt_xom_only_xom
D:4:      layout_loops_ring, grunt_temple_overflow_lords_of_destruction,
          fedhas_altar_3, grunt_temple_overflow_open,
          cheibrodos_ashenzari_chains
D:7:      layout_loops_ring, lemuel_round_altar, minmay_temple_entry_sparse_star

Skill      XL: |  1  2  3  4  5  6  7 |
---------------+----------------------+-----
Shields        | 4 5 |  5.4
Fighting       | 4 |  4.7
Axes           | 3 4 5 |  5.7
Throwing       | 1 2 |  2.1
Armour         | 4 5 |  5.4
Dodging        | 1 2 |  2.8
Short Blades   | 1 |  1.5
Stealth        | |  0.1

Action                   |  1- 3 |  4- 6 |  7- 9 || total
-------------------------+-------+-------+-------++-------
Melee: War axe           |    64 |    68 |    22 ||   154
       Headbutt          |     4 |    14 |     5 ||    23
       Dagger            |     1 |    16 |       ||    17
Throw: Javelin           |    12 |     8 |       ||    20
       Dart              |       |     3 |       ||     3
  Use: Scroll            |       |     1 |     2 ||     3
       Potion            |       |     2 |     2 ||     4
 Stab: Distracted        |     1 |       |       ||     1
Armor: Scale mail        |    19 |    29 |     3 ||    51
Dodge: Dodged            |    21 |    34 |     8 ||    63
Block: Kite shield       |    20 |    39 |     9 ||    68

Table legend: (Time is in decaauts)
 A = Elapsed time spent in this place.
 B = Non-inter-level travel time spent in this place.
 C = Inter-level travel time spent in this place.
 D = Time resting spent in this place.
 E = Time spent auto-exploring this place.
 F = Levels seen in this place.
 G = Mean time per level.
                   A        B        C        D        E       F      G
               +--------+--------+--------+--------+--------+-----+--------+
         Total |   3014 |   3011 |      3 |    478 |   1357 |   5 |  602.8 |
       Dungeon |   3014 |   3011 |      3 |    478 |   1357 |   5 |  602.8 |
               +--------+--------+--------+--------+--------+-----+--------+

Top non-repeatable levels by time:
     D:1: 1029 daAuts
     D:2: 844 daAuts
     D:3: 493 daAuts
     D:7: 472 daAuts
     D:4: 174 daAuts
